[Event "Team 45 45 League T50"]
[Site "Internet Chess Club"]
[Date "2011.09.05"]
[Round "4"]
[White "tsia68"]
[Black "lacibacsi"]
[Result "0-1"]
[WhiteElo "1828"]
[BlackElo "2056"]
[Opening "English, 1...Nf6 (Anglo-Indian defense)"]
[ECO "A15"]
[Time "16:12:41"]
[TimeControl "2700+45"]

1. c4 Nf6 2. g3 g6 3. Bg2 Bg7 4. Nc3 O-O 5. e4 d6 6. Nge2 e5 7. O-O Be6 8. d3
Nc6 9. Nd5 h6 10. h3 Kh7 11. Be3 Qd7 12. Kh2 Ng8 13. Qd2 Nd4 14. Bxd4 exd4 15.
Ndf4 c6 16. Nxe6 Qxe6 17. f4 f5 18. Rac1 Rae8 19. c5 dxc5 20. Rxc5 b6 21. Rc4 c5
22. e5 Ne7 23. b4 Rc8 24. Rfc1 g5 25. bxc5 gxf4 26. gxf4 bxc5 27. Rxc5 Rxc5 28.
Rxc5 Rd8 29. Rc4 Ng6 30. Nxd4 Rxd4 31. Rxd4 Bxe5 32. Ra4 Qd7 33. fxe5 Qxa4 34.
d4 Qa3 35. Qe2 f4 36. Qf2 Qd3 37. e6 Kg7 38. d5 Qe3 39. Qxe3 fxe3 40. Kg1 Nf4
41. e7 Kf7 42. d6 e2 43. Kf2 e1=Q+ 44. Kxe1 Nxg2+ 45. Kf2 Nf4 46. Ke3 Nxh3 47.
Ke4 Ng5+ 48. Kd5 Ne6 49. e8=Q+ Kxe8 50. Kxe6 h5 51. Kf5 Kd7 52. Kg5 Kxd6 53.
Kxh5 Kc5 54. Kg4 Kb4 55. Kf3 Ka3 56. Ke2 Kxa2 57. Kd3 Kb3 58. Kd2 Kb2 59. Kd3 a5
{White resigns} 0-1

[Event "Team 45 45 League T50"]
[Site "Internet Chess Club"]
[Date "2011.09.03"]
[Round "4"]
[White "LAgenieMP"]
[Black "CapitanTrueno"]
[Result "1-0"]
[WhiteElo "1878"]
[BlackElo "1751"]
[Opening "King's Indian: London system"]
[ECO "A45"]
[Time "10:02:40"]
[TimeControl "2700+45"]

1. d4 Nf6 2. Bf4 g6 3. Nf3 Bg7 4. e3 O-O 5. Be2 d6 6. h3 Nfd7 7. c3 e5 8. Bh2 e4
9. Nfd2 f5 10. Na3 Nf6 11. Qb3+ Kh8 12. O-O-O Qe7 13. Rdg1 b6 14. g4 Be6 15. Bc4
Bxc4 16. Qxc4 Qf7 17. gxf5 Qxc4 18. Ndxc4 gxf5 19. Rg5 Nd5 20. Rhg1 Rf7 21. Nb5
a6 22. Nbxd6 cxd6 23. Nxd6 Rd7 24. Nxf5 {Black resigns} 1-0

[Event "Team 45 45 League T50"]
[Site "Internet Chess Club"]
[Date "2011.09.05"]
[Round "4"]
[White "zeigmata"]
[Black "Paulkov"]
[Result "1/2-1/2"]
[WhiteElo "2333"]
[BlackElo "2298"]
[Opening "Benoni: classical with ...a6 and 10...Bg4"]
[ECO "A75"]
[Time "14:01:43"]
[TimeControl "2700+45"]

1. d4 Nf6 2. c4 c5 3. d5 e6 4. Nc3 exd5 5. cxd5 d6 6. Nf3 g6 7. e4 a6 8. a4 Bg4
9. Be2 Bg7 10. O-O O-O 11. Nd2 Bxe2 12. Qxe2 Nbd7 13. Nc4 Nb6 14. Ne3 Re8 15. a5
Nbd7 16. Nc4 Ne5 17. Nxe5 Rxe5 18. Bf4 Re8 19. Ra4 Qc7 20. Be3 Nd7 21. Rc1 Rac8
22. b3 {Game drawn by mutual agreement} 1/2-1/2

[Event "Team 45 45 League T50"]
[Site "Internet Chess Club"]
[Date "2011.09.02"]
[Round "4"]
[White "MaartenKoning"]
[Black "NFork"]
[Result "1/2-1/2"]
[WhiteElo "2246"]
[BlackElo "2281"]
[Opening "Caro-Kann: Panov-Botvinnik attack, 5...e6"]
[ECO "B14"]
[Time "02:45:03"]
[TimeControl "2700+45"]

1. e4 c6 2. d4 d5 3. exd5 cxd5 4. c4 Nf6 5. Nc3 e6 6. Nf3 Bb4 7. Bd3 dxc4 8.
Bxc4 Qc7 9. Qe2 O-O 10. O-O Nbd7 11. Bg5 Bxc3 12. bxc3 b6 13. Rac1 Bb7 14. Bd3
Rfe8 15. Rfe1 Qd6 16. Bb1 Qc6 17. c4 Rac8 18. Qd3 Red8 19. d5 exd5 20. Nd4 Qc5
21. Nf5 Re8 22. Qg3 g6 23. Nd6 Nh5 24. Nxb7 Qc6 25. Qd6 Qxb7 26. cxd5 Nc5 27.
Rxe8+ Rxe8 28. Be3 Rc8 29. g3 Qc7 30. Qxc7 Rxc7 31. a4 Nf6 32. Ba2 Ne8 33. a5
Nd7 34. Rxc7 Nxc7 35. axb6 axb6 36. Kf1 Kf8 37. Ke2 Nb5 38. Kd3 Ke7 39. Kc4 Nd6+
40. Kb4 f6 41. Bd4 Nf5 42. Bb2 Kd6 43. Kb5 Kc7 44. Bb1 Nd6+ 45. Kb4 Nf7 46. h4
Kd6 47. Ba2 Nfe5 48. Kb5 Nd3 49. Ba3+ N3c5 50. g4 Kc7 51. f4 Ne4 52. Bb2 Kd6 53.
g5 fxg5 54. hxg5 Nec5 55. Bd4 Nd3 56. Be3 Nb2 57. Bc1 Nd3 58. Be3 Nb2 59. Bc1
Nd3 {Game drawn by mutual agreement} 1/2-1/2

[Event "Team 45 45 League T50"]
[Site "Internet Chess Club"]
[Date "2011.09.05"]
[Round "4"]
[White "pentti63"]
[Black "Campagnolo"]
[Result "1-0"]
[WhiteElo "2257"]
[BlackElo "2052"]
[Opening "QGD Slav: 4.e3"]
[ECO "D11"]
[Time "06:01:40"]
[TimeControl "2700+45"]

1. d4 d5 2. c4 c6 3. Nf3 Nf6 4. e3 a6 5. Qc2 Bg4 6. Nbd2 e6 7. Bd3 Bd6 8. b3 O-O
9. Bb2 Bh5 10. Ne5 Bg6 11. Nxg6 hxg6 12. O-O Nbd7 13. c5 Bc7 14. f4 g5 15. Rae1
Ng4 16. h3 Nh6 17. Bc1 g4 18. hxg4 Nxg4 19. Nf3 f5 20. Ng5 Qe8 21. Rf3 Rf6 22.
Rh3 Rh6 23. Rf1 Ndf6 24. Be2 Qe7 25. Rff3 Kf8 26. a4 Kg8 27. Rfg3 Rxh3 28. gxh3
Nh6 29. Bd2 Nf7 30. h4 Nh6 31. b4 Ne4 32. Rg2 Qd7 33. Be1 Nf6 34. Qb1 Nhg4 35.
Bxg4 Nxg4 36. Rxg4 {Black resigns} 1-0

[Event "Team 45 45 League T50"]
[Site "Internet Chess Club"]
[Date "2011.09.01"]
[Round "4"]
[White "Seaborgium"]
[Black "filiusdextris"]
[Result "1-0"]
[WhiteElo "1971"]
[BlackElo "2065"]
[Opening "English: closed, Hort variation"]
[ECO "A25"]
[Time "19:32:01"]
[TimeControl "2700+45"]

1. c4 e5 2. Nc3 Nc6 3. g3 g6 4. Bg2 Bg7 5. e3 d6 6. Nge2 Be6 7. d4 exd4 8. Nxd4
Nge7 9. Nxe6 fxe6 10. Qb3 O-O 11. O-O Qd7 12. c5 d5 13. Qxb7 Rab8 14. Qa6 Nb4
15. Qe2 Qc6 16. a3 Na6 17. e4 d4 18. e5 Qxc5 19. Qxa6 dxc3 20. Qxe6+ Kh8 21.
bxc3 Qxe5 22. Qxe5 Bxe5 23. Bh6 Rf7 24. Rab1 Rxb1 25. Rxb1 Bxc3 26. Rb8+ Ng8 27.
Bd5 {Black resigns} 1-0

[Event "Team 45 45 League T50"]
[Site "Internet Chess Club"]
[Date "2011.09.05"]
[Round "4"]
[White "Horoblitz"]
[Black "eurander"]
[Result "0-1"]
[WhiteElo "2200"]
[BlackElo "2155"]
[Opening "Caro-Kann: classical, Spassky variation"]
[ECO "B19"]
[Time "16:00:05"]
[TimeControl "2700+45"]

1. e4 c6 2. d4 d5 3. Nc3 dxe4 4. Nxe4 Bf5 5. Ng3 Bg6 6. h4 h6 7. Nf3 Nd7 8. h5
Bh7 9. Bd3 Bxd3 10. Qxd3 e6 11. Bd2 Ngf6 12. O-O-O Be7 13. Ne4 O-O 14. Kb1 c5
15. Nxf6+ Nxf6 16. g4 Nxg4 17. Rhg1 f5 18. Qe2 Qd5 19. Ne5 cxd4 20. Ng6 Bf6 21.
Nxf8 Rxf8 22. f3 Ne5 23. Bxh6 Kh7 24. Bc1 Qxf3 25. Qb5 d3 26. cxd3 Rd8 27. Rgf1
Qg2 28. Qb3 Rd6 29. d4 Qe4+ 30. Ka1 Nc6 31. Qg3 Nxd4 32. Qg6+ Kg8 33. Rxd4 Qxd4
34. h6 Rd8 35. hxg7 Rc8 36. Qg2 Rc7 37. Rh1 Rxg7 38. Qh2 Be5 39. Qh8+ Kf7 40.
Qh5+ Ke7 41. Bg5+ Bf6 42. Bxf6+ Qxf6 43. Qf3 Qd4 44. Qxb7+ Kf6 45. Rh6+ Rg6 46.
Rxg6+ Kxg6 47. Qh1 f4 48. a3 Qe3 49. Qg2+ Kf6 50. Qg8 e5 51. Qh8+ Kf5 52. Qh7+
Kg4 53. Qg6+ Kh3 54. Qh5+ Kg3 55. Qg5+ Kf2 56. Qh4+ Kg1 57. Qg4+ Kf1 58. Ka2 f3
59. Qc4+ Ke1 60. Qb4+ Kf2 61. Qh4+ Ke2 62. Qh2+ f2 {White resigns} 0-1

[Event "Team 45 45 League T50"]
[Site "Internet Chess Club"]
[Date "2011.09.03"]
[Round "4"]
[White "Chatica"]
[Black "easycure"]
[Result "1-0"]
[WhiteElo "2206"]
[BlackElo "2240"]
[Opening "Ruy Lopez: closed, Flohr-Zaitsev system (Lenzerheide variation)"]
[ECO "C92"]
[Time "23:03:00"]
[TimeControl "2700+45"]

1. e4 e5 2. Nf3 Nc6 3. Bb5 a6 4. Ba4 Nf6 5. O-O Be7 6. Re1 b5 7. Bb3 d6 8. c3
O-O 9. h3 Bb7 10. d4 Re8 11. Ng5 Rf8 12. Nf3 h6 13. Nbd2 Re8 14. a4 Bf8 15. Bc2
exd4 16. cxd4 Nb4 17. Bb1 c5 18. d5 Nd7 19. Ra3 f5 20. Nh2 c4 21. g4 f4 22. Ndf3
Nc5 23. Bxf4 Nbd3 24. Bxd3 Nxd3 25. Rxd3 cxd3 26. axb5 axb5 27. Qxd3 Qf6 28. Bc1
b4 29. Kg2 Rec8 30. Qb3 Rab8 31. g5 Qg6 32. Nh4 Qh5 33. Qg3 hxg5 34. Bxg5 Re8
35. N2f3 Rbc8 36. Nf5 Rc7 37. N5d4 Rf7 38. Bd2 b3 39. Ng5 Rfe7 40. Nde6 Bc8 41.
Nxf8 Rxf8 42. Qxd6 Ref7 43. Nxf7 Bxh3+ 44. Kg1 Rxf7 45. Qd8+ Kh7 46. Qg5 Qf3 47.
Qg3 Qh5 48. Bg5 Kg8 49. Bh4 Bg4 50. Qh2 g5 51. Bg3 Qg6 52. Be5 Rh7 53. Qg3 Qh5
54. f4 gxf4 55. Qxf4 Rf7 56. Qh2 Bh3 57. Qg3+ Bg4 58. Bd4 Kh7 59. Qe5 Qxe5 60.
Bxe5 Bf3 61. Bd4 Kg6 62. Re3 Rf4 63. d6 Bg4 64. Be5 Rf8 65. Bd4 Kf7 66. Rxb3
{Black resigns} 1-0

[Event "Team 45 45 League T50"]
[Site "Internet Chess Club"]
[Date "2011.09.05"]
[Round "4"]
[White "Knight77"]
[Black "SlimeDog2"]
[Result "1-0"]
[WhiteElo "1792"]
[BlackElo "2060"]
[Opening "Réti opening"]
[ECO "A05"]
[Time "23:12:40"]
[TimeControl "2700+45"]

1. Nf3 Nf6 2. g3 d5 3. Bg2 g6 4. O-O Bg7 5. d3 O-O 6. Nbd2 Nc6 7. e4 e5 8. h3 h6
9. Re1 dxe4 10. Nxe4 Nd5 11. c3 f5 12. Nc5 Qd6 13. d4 exd4 14. Nxd4 Qxc5 15. Nb3
Nxc3 16. Nxc5 Nxd1 17. Rxd1 Nd4 18. Nxb7 Rb8 19. Nc5 Ne2+ 20. Kf1 Nxc1 21. Raxc1
Rxb2 22. Nd3 Ba6 23. Kg1 Bxd3 24. Rxd3 Be5 25. Rd7 Bd6 26. Re1 Bc5 27. Re5 Bxf2+
28. Kf1 c6 29. Ree7 Rc8 30. Bxc6 Bc5 31. Rg7+ Kf8 32. Rdf7# {Black checkmated}
1-0

[Event "Team 45 45 League T50"]
[Site "Internet Chess Club"]
[Date "2011.09.04"]
[Round "4"]
[White "Epcot"]
[Black "jorobo"]
[Result "1-0"]
[WhiteElo "1936"]
[BlackElo "1979"]
[Opening "Catalan: closed, 5.Nf3"]
[ECO "E06"]
[Time "23:37:07"]
[TimeControl "2700+45"]

1. d4 d5 2. c4 e6 3. Nf3 Nf6 4. g3 Be7 5. Bg2 O-O 6. O-O c5 7. dxc5 dxc4 8. Qc2
Bxc5 9. Nbd2 c3 10. Qxc3 Qe7 11. a3 a5 12. Nb3 Bb6 13. Ne5 a4 14. Nc4 Ba7 15.
Nba5 Nd5 16. Qc2 b5 17. e4 Nc7 18. Ne5 Qd6 19. Bf4 Qb6 20. Nec6 e5 21. Be3 Qa6
22. Bxa7 Rxa7 23. Nxa7 Qxa7 24. Nc6 Nxc6 25. Qxc6 Ne6 26. Rac1 Bd7 27. Qd6 Qd4
28. Rfd1 Qxd6 29. Rxd6 Nd4 30. Rc5 Be6 31. Rxe5 Ne2+ 32. Kh1 Bc4 33. Bf1 Nxg3+
34. hxg3 Bxf1 35. Red5 Be2 36. Kg2 Bc4 37. Rd4 g6 38. Rd8 Rxd8 39. Rxd8+ Kg7 40.
f4 h6 41. Kf3 g5 42. Ke3 gxf4+ 43. Kxf4 Kg6 44. Rd6+ Kg7 45. g4 Be2 46. Kg3 h5
47. gxh5 Bxh5 48. Kf2 f6 49. Rb6 Be8 50. Kg3 Kf7 51. Kf4 Ke7 52. e5 fxe5+ 53.
Kxe5 Kd7 54. Kd5 Kc7 55. Kc5 {Black resigns} 1-0

[Event "Team 45 45 League T50"]
[Site "Internet Chess Club"]
[Date "2011.09.05"]
[Round "4"]
[White "Woss"]
[Black "izit"]
[Result "1/2-1/2"]
[WhiteElo "2281"]
[BlackElo "2275"]
[Opening "Sicilian: Najdorf, Lipnitzky attack"]
[ECO "B86"]
[Time "14:00:50"]
[TimeControl "2700+45"]

1. e4 c5 2. Nf3 d6 3. d4 cxd4 4. Nxd4 Nf6 5. Nc3 a6 6. Bc4 e6 7. Bb3 Nbd7 8. f4
Nc5 9. O-O Be7 10. Qf3 O-O 11. f5 Bd7 12. Be3 b5 13. Qh3 e5 14. Nf3 Rc8 15. Nd2
b4 16. Nd5 Nfxe4 17. Nxe4 Nxe4 18. Qg4 Nf6 19. Nxe7+ Qxe7 20. Qxb4 Bc6 21. Rad1
Rfd8 22. Bb6 Rd7 23. Qa5 Bb7 24. Ba4 Bc6 25. Bb3 Bb7 26. Ba4 Bc6 27. Bb3 {Game
drawn by repetition} 1/2-1/2

[Event "Team 45 45 League T50"]
[Site "Internet Chess Club"]
[Date "2011.09.03"]
[Round "4"]
[White "QueensCounselor"]
[Black "Ganesh96"]
[Result "1/2-1/2"]
[WhiteElo "2157"]
[BlackElo "2252"]
[Opening "Queen's pawn game, Chigorin variation"]
[ECO "A40"]
[Time "07:30:29"]
[TimeControl "2700+45"]

1. d4 Nc6 2. Nf3 d5 3. Bg5 Bg4 4. e3 Nf6 5. c4 Ne4 6. Bf4 e6 7. Nc3 Bb4 8. Qc2
g5 9. Bg3 h5 10. h3 Bf5 11. Bd3 Nxg3 12. fxg3 Bxc3+ 13. bxc3 Bxd3 14. Qxd3 Qd6
15. O-O g4 16. Ng5 Qxg3 17. cxd5 gxh3 18. Nxh3 Rg8 19. Qe4 Qxh3 20. dxc6 b6 21.
Rf2 Qg4 22. Qh7 Qg6 23. Qxg6 Rxg6 24. Raf1 Rg7 25. e4 Ke7 26. e5 Rag8 27. Kh2
{Game drawn by mutual agreement} 1/2-1/2

[Event "Team 45 45 League T50"]
[Site "Internet Chess Club"]
[Date "2011.09.01"]
[Round "4"]
[White "xec"]
[Black "jonesey"]
[Result "1-0"]
[WhiteElo "2216"]
[BlackElo "1988"]
[Opening "Sicilian: accelerated fianchetto, Breyer variation"]
[ECO "B39"]
[Time "11:00:11"]
[TimeControl "2700+45"]

1. e4 c5 2. Nf3 g6 3. d4 cxd4 4. Nxd4 Nc6 5. c4 Bg7 6. Be3 Nf6 7. Nc3 Ng4 8.
Qxg4 Nxd4 9. Qd1 Nc6 10. Qd2 d6 11. Be2 Be6 12. O-O Ne5 13. Nd5 O-O 14. f4 Ng4
15. Bxg4 Bxg4 16. f5 e6 17. f6 exd5 18. fxg7 Re8 19. exd5 Re4 20. b3 Qe7 21. Bg5
Qe5 22. Bf6 Qh5 23. Rae1 Be2 24. Rf4 Rae8 25. Rxe4 Rxe4 26. Qa5 Re8 27. Qb5 Rb8
28. Qd7 {Black resigns} 1-0

[Event "Team 45 45 League T50"]
[Site "Internet Chess Club"]
[Date "2011.09.02"]
[Round "4"]
[White "Deckfuel"]
[Black "parpin"]
[Result "0-1"]
[WhiteElo "1934"]
[BlackElo "2163"]
[Opening "Sicilian: Kan variation"]
[ECO "B41"]
[Time "14:00:08"]
[TimeControl "2700+45"]

1. e4 c5 2. Nf3 e6 3. d4 cxd4 4. Nxd4 a6 5. a3 Nf6 6. Nc3 d5 7. e5 Nfd7 8. f4
Bc5 9. Be3 O-O 10. Qd2 Qc7 11. O-O-O b6 12. g4 b5 13. Qf2 Bxa3 14. Ndxb5 axb5
15. Nxb5 Bb4 16. c3 Qb7 17. Nd4 Ra1+ 18. Kd2 Ra2 19. Rb1 Nc5 20. Bd3 Ba3 21. Bc2
Rxb2 22. Rxb2 Qxb2 {White resigns} 0-1

[Event "Team 45 45 League T50"]
[Site "Internet Chess Club"]
[Date "2011.09.03"]
[Round "4"]
[White "Morovon23"]
[Black "M-Abotreka"]
[Result "1-0"]
[WhiteElo "2318"]
[BlackElo "2082"]
[Opening "Queen's pawn game"]
[ECO "D02"]
[Time "01:05:32"]
[TimeControl "2700+45"]

1. d4 d5 2. Nf3 Bf5 3. c4 e6 4. Nc3 c6 5. cxd5 exd5 6. g3 Nf6 7. Bg2 Bd6 8. O-O
O-O 9. b3 Nbd7 10. Nh4 Be6 11. Qd3 Re8 12. Nf5 Bxf5 13. Qxf5 Qe7 14. Be3 Ne4 15.
Nxe4 dxe4 16. Bxe4 g6 17. Qh3 Qxe4 18. Qxd7 Qe7 19. Qxe7 Rxe7 20. Rfd1 h5 21.
Kg2 Rae8 22. Rac1 h4 23. d5 hxg3 24. hxg3 c5 25. Bxc5 Bxc5 26. Rxc5 Rxe2 27. a4
Rb2 28. d6 Kf8 29. Rd3 b6 30. Rc7 a5 31. Rf3 f5 32. Rd3 Rbe2 33. Rb7 Rd8 34.
Rxb6 Kf7 35. Rb5 Re6 36. Rxa5 Rexd6 37. Rxd6 Rxd6 38. Rb5 Ke6 39. a5 Rd3 40.
Rb6+ Ke5 41. b4 g5 42. a6 g4 43. Rb5+ Ke4 44. a7 {Black resigns} 1-0

[Event "Team 45 45 League T50"]
[Site "Internet Chess Club"]
[Date "2011.09.01"]
[Round "4"]
[White "frontier"]
[Black "MikeA"]
[Result "0-1"]
[WhiteElo "2071"]
[BlackElo "2230"]
[Opening "English opening"]
[ECO "A16"]
[Time "20:02:10"]
[TimeControl "2700+45"]

1. c4 Nf6 2. Nc3 g6 3. g3 Bg7 4. Bg2 O-O 5. d3 d6 6. Rb1 c5 7. a3 Nc6 8. Nf3 Bd7
9. O-O a5 10. Ne1 Re8 11. Nc2 Qc7 12. Bg5 a4 13. Bxf6 Bxf6 14. Nd5 Qd8 15. Nxf6+
exf6 16. Ne3 Be6 17. b3 axb3 18. Rxb3 Qd7 19. Qd2 Kg7 20. Rfb1 Ra7 21. Kf1 Rea8
22. Qb2 Bh3 23. Nd5 Bxg2+ 24. Kxg2 Qf5 25. Rxb7 Rxb7 26. Qxb7 Rb8 27. Qxb8 Nxb8
28. Rxb8 Qe5 29. e3 Qa1 30. Rb3 Qd1 31. Rc3 h5 32. e4 h4 33. Ne3 Qd2 34. Rb3 Qa2
35. Rb6 h3+ 36. Kxh3 Qxf2 37. Nd5 Qf1+ 38. Kh4 Qxd3 39. Rxd6 Qxe4+ 40. Kh3 Qxc4
41. Nxf6 Qf1+ 42. Kg4 Qf5+ 43. Kh4 c4 44. Ne8+ Kh6 45. Nf6 g5# {White
checkmated} 0-1

[Event "Team 45 45 League T50"]
[Site "Internet Chess Club"]
[Date "2011.09.02"]
[Round "4"]
[White "AronT"]
[Black "AmrSobh"]
[Result "0-1"]
[WhiteElo "2178"]
[BlackElo "2116"]
[Opening "Nimzo-Indian: classical, Pirc variation"]
[ECO "E39"]
[Time "03:01:18"]
[TimeControl "2700+45"]

1. d4 Nf6 2. c4 e6 3. Nc3 Bb4 4. Qc2 c5 5. dxc5 O-O 6. a3 Bxc5 7. Nf3 d5 8. Bg5
Be7 9. e3 Nbd7 10. cxd5 Nxd5 11. Bxe7 Nxe7 12. Bd3 h6 13. O-O Qc7 14. Rac1 Qb8
15. Rfd1 a6 16. Ne4 Nd5 17. Bc4 N7f6 18. Ba2 Bd7 19. Nc5 Bc6 20. Bb1 e5 21. Rxd5
e4 22. Rf5 Qd8 23. Nd4 Rc8 24. Qd1 b6 25. Nxc6 Rxc6 26. Nxe4 Ng4 27. Rd5 Qxd5
28. h3 Rd8 29. Qf1 Rxc1 {White resigns} 0-1

[Event "Team 45 45 League T50"]
[Site "Internet Chess Club"]
[Date "2011.09.04"]
[Round "4"]
[White "chiiwen"]
[Black "Zumbi"]
[Result "1/2-1/2"]
[WhiteElo "2221"]
[BlackElo "2197"]
[Opening "Sicilian"]
[ECO "B50"]
[Time "17:00:18"]
[TimeControl "2700+45"]

1. e4 c5 2. Nf3 d6 3. Nc3 Nf6 4. e5 dxe5 5. Nxe5 Nbd7 6. d4 Nxe5 7. dxe5 Qxd1+
8. Nxd1 Nd5 9. Ne3 e6 10. Bc4 Nb6 11. Bd3 Bd7 12. Be4 O-O-O 13. c4 Be7 14. b3
Kc7 15. Bb2 Bc6 16. Bxc6 Kxc6 17. Ke2 Rd7 18. Rhd1 Rhd8 19. f4 Rxd1 20. Rxd1
Rxd1 21. Nxd1 Nd7 22. Nf2 b5 23. Ne4 {Game drawn by mutual agreement} 1/2-1/2

[Event "Team 45 45 League T50"]
[Site "Internet Chess Club"]
[Date "2011.09.03"]
[Round "4"]
[White "Chess-Dream"]
[Black "Ptzz"]
[Result "1-0"]
[WhiteElo "2036"]
[BlackElo "2081"]
[Opening "Bogo-Indian defense, Grünfeld variation"]
[ECO "E11"]
[Time "13:00:25"]
[TimeControl "2700+45"]

1. d4 Nf6 2. c4 e6 3. Nf3 Bb4+ 4. Nbd2 c5 5. dxc5 Na6 6. a3 Bxc5 7. e3 O-O 8. b4
Be7 9. Bb2 b6 10. Be2 Bb7 11. O-O d5 12. Rc1 Nc7 13. c5 bxc5 14. bxc5 Ba6 15.
Ne5 Qe8 16. c6 Bd6 17. Bxa6 Nxa6 18. Ndc4 Qe7 19. Nxd6 Qxd6 20. Qd4 Rfc8 21. Rc2
Ne8 22. Qa4 Nec7 23. Nd7 f6 24. Qg4 e5 25. f4 d4 26. fxe5 fxe5 27. exd4 exd4 28.
Bxd4 Qg6 29. Qxg6 hxg6 30. Re1 Nd5 31. Re6 Nac7 32. Rxg6 Ne8 33. Rg4 Kh7 34.
Nf8+ Kh6 35. Rg6+ Kh5 36. g4+ Kh4 37. Rg2 {Black resigns} 1-0

[Event "Team 45 45 League T50"]
[Site "Internet Chess Club"]
[Date "2011.09.03"]
[Round "4"]
[White "Tobiasdelmonte"]
[Black "Legal"]
[Result "0-1"]
[WhiteElo "1743"]
[BlackElo "2022"]
[Opening "King's Indian: fianchetto without c4"]
[ECO "A49"]
[Time "21:06:20"]
[TimeControl "2700+45"]

1. d4 Nf6 2. Nf3 g6 3. g3 Bg7 4. Bg2 O-O 5. O-O d6 6. Re1 Nbd7 7. Nbd2 e5 8.
dxe5 dxe5 9. e4 b6 10. b3 Bb7 11. Bb2 Qe7 12. Qe2 Rfe8 13. a4 a5 14. Rad1 Bh6
15. Nc4 Ba6 16. Nfd2 Rad8 17. Qf3 Bg7 18. Bf1 Bb7 19. Bd3 Nh5 20. Qe3 Nc5 21.
Ba3 Bf8 22. Nf3 f6 23. Be2 Ng7 24. Rd2 Rxd2 25. Nfxd2 Nge6 26. c3 Rd8 27. Bg4
Qf7 28. Rd1 Rd3 29. Qe2 Rxc3 30. Bb2 Rd3 31. Bxe5 Bxe4 32. Ba1 h5 33. Bh3 Ng5
34. Bg2 Bxg2 35. Kxg2 Qd5+ 36. f3 Nxf3 37. Nxf3 Rxd1 38. Ne3 Qd3 39. Qb2 Rxa1
40. Qxa1 Qe2+ 41. Kh3 Qxf3 42. Qd4 Ne4 43. Qc4+ Kh7 44. Qd4 Nf2+ {White resigns}
0-1

[Event "Team 45 45 League T50"]
[Site "Internet Chess Club"]
[Date "2011.09.03"]
[Round "4"]
[White "crazyhorses"]
[Black "ikatankayangan"]
[Result "1-0"]
[WhiteElo "1564"]
[BlackElo "1555"]
[Opening "Réti opening"]
[ECO "A04"]
[Time "16:35:15"]
[TimeControl "2700+45"]

1. Nf3 c5 2. g3 Nc6 3. Bg2 e6 4. d3 Nge7 5. Nbd2 d6 6. O-O Bd7 7. c3 h6 8. e4
Ne5 9. Nxe5 dxe5 10. Nc4 Ng6 11. h4 Bb5 12. h5 Ne7 13. Nxe5 Nc6 14. Nxc6 bxc6
15. c4 Ba6 16. Qa4 Bb7 17. e5 Qc7 18. Bf4 Be7 19. Rfe1 O-O 20. Be4 Rfd8 21. Qd1
Rab8 22. Qg4 Kh8 23. Kg2 Qd7 24. Qf3 Qe8 25. Qe3 Bf8 26. g4 Ba8 27. b3 Rbc8 28.
Rh1 Rd7 29. g5 hxg5 30. Bxg5 Be7 31. Rag1 Bxg5 32. Qxg5 Qe7 33. Qf4 Rf8 34. Kf1
f6 35. h6 g5 36. exf6 gxf4 37. fxe7 Rxe7 38. Rg6 Bb7 39. Rh5 e5 40. Bxc6 Bxc6
41. Rxc6 f3 42. Rxc5 Rd7 43. Rcxe5 Rxd3 44. Rd5 Rc3 45. Rd1 Rc2 46. Ra5 Rg8 47.
Rxa7 Rg2 48. Rd8+ Rg8 49. Rxg8+ Kxg8 50. Kg1 {Black resigns} 1-0

[Event "Team 45 45 League T50"]
[Site "Internet Chess Club"]
[Date "2011.09.06"]
[Round "4"]
[White "mongmong"]
[Black "Theodulf"]
[Result "1/2-1/2"]
[WhiteElo "1616"]
[BlackElo "1652"]
[Opening "QGD Slav: 4.e3 Bf5"]
[ECO "D12"]
[Time "19:51:02"]
[TimeControl "2700+45"]

1. d4 d5 2. Nf3 Nf6 3. e3 Bf5 4. c4 c6 5. Nc3 e6 6. Nh4 Be7 7. Nxf5 exf5 8. cxd5
Nxd5 9. Bd3 g6 10. O-O Nf6 11. Qb3 Qb6 12. Qxb6 axb6 13. b3 Na6 14. a3 Nc7 15.
Bb2 O-O 16. b4 Rfd8 17. Rfd1 Nfd5 18. Nxd5 Nxd5 19. Rac1 b5 20. Be2 Nb6 21. Rc2
Bf6 22. Bf3 Nc4 23. Ra1 Nxb2 24. Rxb2 f4 25. Raa2 fxe3 26. fxe3 Re8 27. Re2 Red8
28. Rec2 Bg5 29. Kf2 Re8 30. Re2 f5 31. d5 Rac8 32. a4 Be7 33. axb5 cxb5 34. d6
Bxd6 35. Ra5 Re5 36. Bxb7 Rb8 37. Ra8 Rxa8 38. Bxa8 Bxb4 39. Bc6 Be7 40. Kf3 b4
41. e4 Bf6 42. exf5 Rxf5+ 43. Ke4 b3 44. Bd5+ Rxd5 45. Kxd5 b2 46. Re1 Bg5 47.
Rb1 Bc1 48. Kc4 Kf7 49. Kc3 Kf6 50. Rxb2 Bxb2+ 51. Kxb2 Kf5 52. Kc2 Ke4 53. Kd2
g5 54. Ke2 g4 55. Kf2 Kf4 56. g3+ Ke4 57. Ke2 h6 58. Kf2 Kd3 59. Kg2 Ke2 60. Kg1
Kf3 61. Kf1 h5 62. Kg1 Ke3 63. Kf1 Kf3 64. Kg1 Ke2 65. Kg2 Ke3 {Game drawn by
mutual agreement} 1/2-1/2

[Event "Team 45 45 League T50"]
[Site "Internet Chess Club"]
[Date "2011.09.05"]
[Round "4"]
[White "Whalen"]
[Black "realchess"]
[Result "1-0"]
[WhiteElo "1567"]
[BlackElo "1638"]
[Opening "King's Indian: 6.Be2"]
[ECO "E91"]
[Time "14:00:19"]
[TimeControl "2700+45"]

1. d4 Nf6 2. Nf3 g6 3. c4 Bg7 4. Nc3 O-O 5. e4 d6 6. Be2 Nc6 7. d5 Nb8 8. Rb1 e5
9. O-O Nbd7 10. b4 b6 11. Ne1 Ne8 12. f4 exf4 13. Rb3 g5 14. Nf3 f5 15. exf5
Rxf5 16. Nd4 Bxd4+ 17. Qxd4 Qf6 18. Qe4 Re5 19. Qf3 Ng7 20. Bb2 Re3 21. Ne4 Qe7
22. Rxe3 fxe3 23. Qxe3 h6 24. Nf6+ Kf8 25. Ng8+ Nf6 26. Qxe7+ {Black resigns}
1-0

[Event "Team 45 45 League T50"]
[Site "Internet Chess Club"]
[Date "2011.09.03"]
[Round "4"]
[White "seattleblues"]
[Black "kwameh72"]
[Result "0-1"]
[WhiteElo "1456"]
[BlackElo "1690"]
[Opening "Caro-Kann: advance variation"]
[ECO "B12"]
[Time "22:02:51"]
[TimeControl "2700+45"]

1. e4 c6 2. d4 d5 3. e5 c5 4. c3 Nc6 5. Nf3 Bg4 6. Be2 e6 7. Be3 Qb6 8. Qd2 cxd4
9. Bxd4 Nxd4 10. Nxd4 Bxe2 11. Qxe2 Bc5 12. Qb5+ Qxb5 13. Nxb5 Kd7 14. Nd6 Bxd6
15. exd6 Kxd6 16. Nd2 b5 17. Rd1 Kc6 18. Nf3 Kd6 19. Nd4 a6 20. O-O Nf6 21. f3
Nd7 22. b4 Rac8 23. Rc1 Rc4 24. Rf2 Ne5 25. Rd2 Rhc8 26. Rcc2 Rxc3 27. Rxc3 Rxc3
28. Rc2 Rc4 {White resigns} 0-1

[Event "Team 45 45 League T50"]
[Site "Internet Chess Club"]
[Date "2011.09.03"]
[Round "4"]
[White "ice-cream"]
[Black "randallsr"]
[Result "0-1"]
[WhiteElo "1789"]
[BlackElo "1751"]
[Opening "French: Winawer, Alekhine gambit"]
[ECO "C15"]
[Time "11:01:36"]
[TimeControl "2700+45"]

1. e4 e6 2. d4 d5 3. Nc3 Bb4 4. Ne2 dxe4 5. a3 Bxc3+ 6. Nxc3 h6 7. Nxe4 c6 8.
Bf4 Nd7 9. Nd6+ Ke7 10. Qh5 g6 11. Qh4+ Ngf6 12. Ne4 Qa5+ 13. b4 Qf5 14. Bd6+
Ke8 15. Nxf6+ Nxf6 16. Bd3 Qg5 17. Qxg5 hxg5 18. Be5 Ke7 19. O-O Rh7 20. h3 Nd7
21. Bg3 b6 22. b5 Bb7 23. Be4 Rc8 24. f4 f5 25. Bf3 gxf4 26. Bxf4 Ba8 27. Rfe1
cxb5 28. Bxa8 Rxa8 29. d5 Nc5 30. dxe6 Ne4 31. Rab1 Rc8 32. Rxb5 Rc5 33. Rxc5
bxc5 34. Be3 Kxe6 35. Bxc5 Rc7 36. Bd4 a6 37. c3 Kd5 38. Re3 Kc4 39. Kf1 Kb3 40.
Ke2 Kxa3 41. Bb6 Rc6 42. Bd4 Kb3 43. Kf3 a5 44. Re1 Nxc3 45. Ke3 Re6+ 46. Kd2
Rxe1 47. Kxe1 a4 48. Kd2 Nb1+ 49. Kc1 Na3 50. Be5 Nc4 51. Bd4 a3 52. Kb1 a2+ 53.
Kc1 Ne3 54. g3 Nf1 55. g4 fxg4 56. hxg4 Nh2 57. g5 Nf3 58. Ba1 Nxg5 59. Kd2 Ne4+
60. Ke3 Nc3 61. Kf4 Kc2 62. Kg5 Na4 63. Kxg6 Kb1 64. Kf5 Nb2 65. Ke4 Kxa1 66.
Kd4 Kb1 {White resigns} 0-1